[Event "ICC Open 2015"]
[Site "Internet Chess Club"]
[Date "2015.05.29"]
[Round "5"]
[White "playwaycool"]
[Black "Kseroks"]
[Result "0-1"]
[ICCResult "White resigns"]
[WhiteElo "2307"]
[BlackElo "2780"]
[Opening "Queen's pawn game"]
[ECO "D04"]
[NIC "QP.08"]
[Time "14:48:15"]
[TimeControl "180+0"]

1. d4 d5 2. Nf3 Nf6 3. e3 Bf5 4. Bd3 Bxd3 5. Qxd3 c6 6. Nbd2 Nbd7 7. c3 g6
8. e4 dxe4 9. Nxe4 Bg7 10. Nxf6+ Nxf6 11. O-O O-O 12. Re1 Qc7 13. Qe2 Rfe8
14. Ne5 Nd5 15. Nd3 Rad8 16. Bg5 h6 17. Bh4 Nf4 18. Nxf4 Qxf4 19. Bg3 Qf5
20. Be5 e6 21. Bxg7 Kxg7 22. Qe5+ Qxe5 23. Rxe5 Rd5 24. Rae1 Red8 25. Rxd5
cxd5 26. f4 b5 27. Kf2 a5 28. Ke3 b4 29. Kd3 bxc3 30. bxc3 Rb8 31. Kc2 Kf6
32. g3 h5 33. h3 a4 34. Rb1 Rxb1 35. Kxb1 Kf5 36. Kb2 h4 37. gxh4 Kxf4 38.
Ka3 Kg3 39. Kxa4 Kxh4 40. Kb3 f5 41. a4 f4 42. a5 f3 43. a6 f2 44. a7 f1=Q
45. a8=Q Qb1+ {White resigns} 0-1

[Event "ICC Open 2015"]
[Site "Internet Chess Club"]
[Date "2015.05.29"]
[Round "5"]
[White "eltigrecu"]
[Black "BlitzPawn94"]
[Result "1-0"]
[ICCResult "Black resigns"]
[WhiteElo "2096"]
[BlackElo "2621"]
[Opening "Trompowsky attack (Ruth, Opocenský opening)"]
[ECO "A45"]
[NIC "QP.07"]
[Time "14:47:22"]
[TimeControl "180+0"]

1. d4 Nf6 2. Bg5 Ne4 3. Bf4 c5 4. f3 Qa5+ 5. c3 Nf6 6. Nd2 cxd4 7. Nb3 Qb6
8. Qxd4 Nc6 9. Qxb6 axb6 10. e4 e5 11. Be3 d5 12. Bxb6 dxe4 13. Bb5 Be6 14.
Nd2 exf3 15. Ngxf3 Bd6 16. a3 O-O 17. O-O Nd5 18. Bf2 Nc7 19. Bxc6 bxc6 20.
Ng5 Bg4 21. Nge4 Be7 22. Bg3 f5 23. Bxe5 fxe4 24. Bxc7 e3 25. Nc4 Bc5 26.
Rxf8+ Rxf8 27. Bb6 Bxb6 28. Nxb6 Rd8 29. Nc4 e2 30. Re1 Bh5 31. h3 Bf7 32.
Ne5 Rd2 33. Kf2 Rxb2 34. Rxe2 Rb3 35. Rd2 Bd5 36. c4 Rxa3 37. cxd5 h6 38.
dxc6 Rc3 39. Rd3 Rc5 40. Re3 Kf8 41. Nd7+ {Black resigns} 1-0

[Event "ICC Open 2015"]
[Site "Internet Chess Club"]
[Date "2015.05.29"]
[Round "5"]
[White "jorgenfrank"]
[Black "Kaiju"]
[Result "0-1"]
[ICCResult "White resigns"]
[WhiteElo "1222"]
[BlackElo "2080"]
[Opening "French: Labourdonnais variation"]
[ECO "C00"]
[NIC "FR.01"]
[Time "14:50:03"]
[TimeControl "180+0"]

1. e4 e6 2. f4 d5 3. Nf3 dxe4 4. Ne5 Nd7 5. d4 exd3 6. Qxd3 Nxe5 7. Qxd8+
Kxd8 8. fxe5 Ne7 9. Bc4 Ng6 10. O-O Ke8 11. Bf4 Bc5+ 12. Kh1 Nxf4 13. Rxf4
Bd7 14. Nc3 Ke7 15. Raf1 Raf8 16. Ne4 Bd4 17. Ng5 Bxe5 18. Rxf7+ Rxf7 19.
Rxf7+ Ke8 20. Rf2 Bf6 21. Nxe6 Bxe6 22. Bxe6 Bxb2 23. Bf7+ Ke7 24. Bh5 Bf6
25. g3 Rd8 26. h4 Rd5 27. Kg2 Rxh5 {White resigns} 0-1

[Event "ICC Open 2015"]
[Site "Internet Chess Club"]
[Date "2015.05.29"]
[Round "5"]
[White "dietcoke"]
[Black "SPARNALIQ"]
[Result "0-1"]
[ICCResult "White resigns"]
[WhiteElo "2137"]
[BlackElo "2793"]
[Opening "St. George (Baker) defense"]
[ECO "B00"]
[NIC "VO.17"]
[Time "14:47:51"]
[TimeControl "180+0"]

1. e4 a6 2. Bc4 b5 3. Bxf7+ Kxf7 4. Qh5+ g6 5. Qd5+ e6 6. Qxa8 Nc6 7. Nf3
Nf6 8. d3 Bg7 9. Bg5 h6 10. Bh4 g5 11. Bg3 Qe7 12. Ne5+ Nxe5 13. Bxe5 Qc5
14. Bc3 Qb6 15. a4 Bb7 16. a5 Qc6 17. Qa7 b4 18. Bxb4 Nxe4 19. O-O Nd2 20.
f3 Nxf1 21. Kxf1 Qxc2 22. Nd2 Qxd3+ 23. Ke1 Qd5 24. Qe3 Bxb2 25. Rd1 Bd4 26.
Qe4 Qxe4+ 27. Nxe4 Bxe4 28. fxe4 c5 29. Bd2 e5 30. Ke2 Ke6 31. Rf1 Rh7 32.
Be1 Rf7 {White resigns} 0-1

[Event "ICC Open 2015"]
[Site "Internet Chess Club"]
[Date "2015.05.29"]
[Round "5"]
[White "Perseus"]
[Black "Otho"]
[Result "1-0"]
[ICCResult "Black resigns"]
[WhiteElo "2413"]
[BlackElo "1904"]
[Opening "Queen's pawn game"]
[ECO "D02"]
[NIC "QP.08"]
[Time "14:48:04"]
[TimeControl "180+0"]

1. d4 d5 2. Nf3 e6 3. Nbd2 Nf6 4. e3 Be7 5. Bd3 O-O 6. b3 c5 7. Bb2 Nc6 8.
a3 b6 9. O-O Bd6 10. Ne5 Bxe5 11. dxe5 Nd7 12. f4 a6 13. c4 d4 14. Qh5 g6
15. Qh3 dxe3 16. Qxe3 Bb7 17. Ne4 Rb8 18. Rad1 Qh4 19. Be2 Nd4 20. Bxd4 cxd4
21. Rxd4 Nc5 22. Nf6+ Kg7 23. b4 Na4 24. f5 Qh6 25. Qf2 gxf5 26. Rh4 Qg6 27.
Rxh7+ Qxh7 28. Nxh7 Kxh7 29. Qh4+ Kg6 30. Qf6+ Kh7 31. Rf4 Kg8 {Black
resigns} 1-0

[Event "ICC Open 2015"]
[Site "Internet Chess Club"]
[Date "2015.05.29"]
[Round "5"]
[White "isodung"]
[Black "nevidimka"]
[Result "0-1"]
[ICCResult "White resigns"]
[WhiteElo "2623"]
[BlackElo "2024"]
[Opening "Four knights: Rubinstein counter-gambit"]
[ECO "C48"]
[NIC "KP.03"]
[Time "14:48:05"]
[TimeControl "180+0"]

1. e4 e5 2. Nc3 Nf6 3. Nf3 Nc6 4. Bb5 Nd4 5. Bc4 Bc5 6. O-O d6 7. Nxd4 Bxd4
8. d3 h6 9. Ne2 Bb6 10. Be3 c6 11. c3 O-O 12. a4 Re8 13. a5 Bxa5 14. Qb3 Re7
15. Ra3 b5 16. Rfa1 bxc4 17. dxc4 Rb7 18. Qc2 Bb6 19. Bxb6 Qxb6 20. b4 Be6
21. Qd3 Qc7 22. Rd1 a5 23. f3 Rba7 24. c5 dxc5 25. bxc5 a4 26. Ng3 Bb3 27.
Rd2 Qd7 28. Qe3 Qe8 29. Nf5 Be6 30. Nd6 Qf8 31. g4 Ne8 32. Kg2 Rd7 33. c4
Nxd6 34. cxd6 Rxd6 35. Rc2 Rd4 36. c5 Bb3 37. Rc1 Rad8 38. h4 Rd2+ 39. Kg3
R2d3 40. Qe2 Qe7 41. Kh3 Qf6 42. Rf1 Qf4 43. Raa1 Rd2 {White resigns} 0-1

[Event "ICC Open 2015"]
[Site "Internet Chess Club"]
[Date "2015.05.29"]
[Round "5"]
[White "EirikG"]
[Black "SCORPION83"]
[Result "0-1"]
[ICCResult "White resigns"]
[WhiteElo "2547"]
[BlackElo "3204"]
[Opening "Pirc: Ufimtsev-Pytel variation"]
[ECO "B07"]
[NIC "PU.08"]
[Time "14:47:15"]
[TimeControl "180+0"]

1. e4 d6 2. d4 Nf6 3. Nc3 c6 4. Nf3 Bg4 5. h3 Bh5 6. Be2 e6 7. O-O d5 8. e5
Nfd7 9. Bg5 Qc7 10. g4 Bg6 11. Nh4 c5 12. Nxg6 hxg6 13. Nb5 Qb6 14. Kg2 a6
15. dxc5 Bxc5 16. Nd6+ Bxd6 17. exd6 Qxd6 18. c4 d4 19. Bf3 Nc6 20. Re1 O-O
21. h4 Nde5 22. h5 gxh5 23. gxh5 Nxf3 24. Qxf3 Ne5 25. Qxb7 Rfb8 26. Qe4
Nxc4 27. b3 Nb6 28. Rad1 Qd5 29. Qxd5 Nxd5 30. Rxd4 Rc8 31. Re2 a5 32. h6 g6
33. Rxd5 exd5 34. Bf6 Kh7 35. f4 Re8 36. Rd2 Re6 37. Bg7 Rd8 38. Kf3 f6 39.
Rd4 Rd7 40. Rd2 d4 41. f5 gxf5 42. Kf4 d3 43. Kxf5 Re2 44. Rd1 d2
{White resigns}
0-1

[Event "ICC Open 2015"]
[Site "Internet Chess Club"]
[Date "2015.05.29"]
[Round "5"]
[White "NietzscheBac"]
[Black "Qualm"]
[Result "1-0"]
[ICCResult "Black checkmated"]
[WhiteElo "1721"]
[BlackElo "1698"]
[Opening "QGD Slav/Grünfeld: Schlechter variation"]
[ECO "D15"]
[NIC "SL.03"]
[Time "14:47:14"]
[TimeControl "180+0"]

1. d4 d5 2. c4 Nf6 3. Nc3 c6 4. Nf3 g6 5. e3 Bg7 6. Bd3 O-O 7. O-O b6 8. Qc2
Nbd7 9. cxd5 cxd5 10. Qb3 Bb7 11. Bb5 Rc8 12. Bxd7 Qxd7 13. Bd2 Ne4 14. Rfd1
Nxd2 15. Rxd2 e6 16. Rc1 Rc7 17. Rdd1 Rfc8 18. Rc2 Ba6 19. Rdc1 h6 20. Ne1
g5 21. g3 Bc4 22. Qa3 Bf8 23. Qa4 Qd8 24. b3 b5 25. Nxb5 Bxb5 26. Qxb5 Rxc2
27. Rxc2 Rb8 28. Qd3 Kg7 29. Nf3 f6 30. g4 Bd6 31. h4 Bc7 32. h5 Qe8 33.
Rxc7+ Kg8 34. Qh7+ Kf8 35. Qg7# {Black checkmated} 1-0

[Event "ICC Open 2015"]
[Site "Internet Chess Club"]
[Date "2015.05.29"]
[Round "5"]
[White "dafresh"]
[Black "ElFenomeno"]
[Result "1-0"]
[ICCResult "Black resigns"]
[WhiteElo "2244"]
[BlackElo "1898"]
[Opening "King's Indian defense"]
[ECO "E60"]
[NIC "KI.80"]
[Time "14:49:04"]
[TimeControl "180+0"]

1. d4 Nf6 2. c4 g6 3. f3 e5 4. dxe5 Nh5 5. Nh3 d6 6. Nc3 Bxh3 7. gxh3 Qh4+
8. Kd2 Nc6 9. Kc2 dxe5 10. e3 Rd8 11. Qe2 Bg7 12. Nd5 O-O 13. Rg1 f5 14. Bd2
Ne7 15. Bb4 Nxd5 16. Bxf8 Bxf8 17. cxd5 Rxd5 18. Qc4 Qxc4+ 19. Bxc4
{Black resigns}
1-0

[Event "ICC Open 2015"]
[Site "Internet Chess Club"]
[Date "2015.05.29"]
[Round "5"]
[White "BlitzorDDD"]
[Black "OptimusMagister"]
[Result "1-0"]
[ICCResult "Black resigns"]
[WhiteElo "3199"]
[BlackElo "2251"]
[Opening "King's Indian: orthodox, Aronin-Taimanov, bayonet attack"]
[ECO "E97"]
[NIC "KI.05"]
[Time "14:47:23"]
[TimeControl "180+0"]

1. Nf3 Nf6 2. c4 g6 3. Nc3 Bg7 4. e4 d6 5. d4 O-O 6. Be2 e5 7. O-O Nc6 8. d5
Ne7 9. b4 Ne8 10. c5 f5 11. Ba3 Nf6 12. Ng5 Nxe4 13. Ncxe4 fxe4 14. Nxe4 Nf5
15. b5 dxc5 16. Bxc5 Nd6 17. Bd3 Bf5 18. Re1 Bxe4 19. Bxe4 b6 20. Bb4 Rf7
21. Qd3 Qd7 22. a4 Raf8 23. f3 Bh6 24. Ra2 Qd8 25. Bc3 Bg7 26. Rc2 Qh4 27.
Ree2 Re7 28. Be1 Qg5 29. Bb4 Qh4 30. Rc6 Rd8 31. Rec2 Rdd7 32. a5 Qg5 33. g3
Bh6 34. Kg2 Qe3 35. Qxe3 Bxe3 36. Bd3 bxa5 37. Bxa5 Bb6 38. Bb4 Kf7 39. Re2
Rd8 40. h4 Rdd7 41. h5 Kg7 42. hxg6 hxg6 43. Rc1 Rd8 44. Bc3 Rde8 45. Rce1
Nf7 46. f4 Kf6 47. fxe5+ Nxe5 48. g4 g5 49. Rf1+ Kg7 50. Rf5 {Black resigns}
1-0

[Event "ICC Open 2015"]
[Site "Internet Chess Club"]
[Date "2015.05.29"]
[Round "5"]
[White "Merula"]
[Black "PITCHUS"]
[Result "1-0"]
[ICCResult "Black checkmated"]
[WhiteElo "2200"]
[BlackElo "1817"]
[Opening "Queen's pawn"]
[ECO "A40"]
[NIC "QO.17"]
[Time "14:48:31"]
[TimeControl "180+0"]

1. d4 c6 2. Nf3 d5 3. Bg5 Nf6 4. Bxf6 exf6 5. e3 Bd6 6. c4 O-O 7. cxd5 cxd5
8. Nc3 Nc6 9. Nxd5 Bxh2 10. Nxf6+ Qxf6 11. Rxh2 Bg4 12. Be2 Nb4 13. a3 Nd5
14. Ne5 Bxe2 15. Qxe2 Rfe8 16. Qh5 h6 17. Qf3 Qe6 18. Rh4 f6 19. Nd3 Rac8
20. Rg4 Rc2 21. Kf1 Qa6 22. Qxd5+ Kh8 23. Rd1 Rec8 24. Kg1 R8c7 25. Qf5 Qa4
26. Rf1 Qb3 27. Nf4 Qxb2 28. Ng6+ Kg8 29. Qe6+ Kh7 30. Nf8+ Kh8 31. Qe8 Rc8
32. Ng6+ Kh7 33. Qf7 Rc1 34. Nf8+ Rxf8 35. Qxg7# {Black checkmated} 1-0

[Event "ICC Open 2015"]
[Site "Internet Chess Club"]
[Date "2015.05.29"]
[Round "5"]
[White "franco"]
[Black "lemanofzorn"]
[Result "0-1"]
[ICCResult "White checkmated"]
[WhiteElo "1276"]
[BlackElo "1497"]
[Opening "English: symmetrical variation"]
[ECO "A30"]
[NIC "EO.64"]
[Time "14:48:11"]
[TimeControl "180+0"]

1. c4 c5 2. e3 Nf6 3. Nf3 Nc6 4. d4 cxd4 5. exd4 d6 6. Nc3 g6 7. Be3 Bg7 8.
Qd2 O-O 9. Rd1 a6 10. Be2 Bg4 11. h3 Bd7 12. O-O Qc7 13. Bh6 Nb4 14. Bxg7
Kxg7 15. a3 Nc6 16. d5 Ne5 17. Nxe5 dxe5 18. Qd3 e4 19. Nxe4 Bf5 20. Bf3 Qf4
21. Nxf6 Bxd3 22. Nd7 Bxf1 23. Nxf8 Rxf8 24. Kxf1 Qxc4+ 25. Kg1 Qc2 26. d6
exd6 27. Rxd6 Qb1+ 28. Kh2 Qxb2 29. Rd7 b5 30. Bd5 Kf6 31. g3 Qxf2+ 32. Bg2
Re8 33. Rb7 Re2 34. Rb6+ Kg7 35. Rf6 Qxg2# {White checkmated} 0-1

[Event "ICC Open 2015"]
[Site "Internet Chess Club"]
[Date "2015.05.29"]
[Round "5"]
[White "mcplayerus"]
[Black "Tasmaniandevil"]
[Result "1-0"]
[ICCResult "Black checkmated"]
[WhiteElo "1791"]
[BlackElo "2075"]
[Opening "QGD: semi-Slav"]
[ECO "D31"]
[NIC "SL.06"]
[Time "14:47:33"]
[TimeControl "180+0"]

1. d4 d5 2. c4 e6 3. Nc3 c6 4. b3 f5 5. Bb2 Bd6 6. Nf3 Nd7 7. g3 Ngf6 8. Bg2
O-O 9. O-O Ne4 10. Qc1 Rf6 11. Nxe4 fxe4 12. Ne5 Rh6 13. Ba3 Bxe5 14. dxe5
Nxe5 15. Qc3 Nf7 16. Rad1 Qg5 17. Qb4 Bd7 18. Bc1 Qd8 19. Bxh6 Nxh6 20. Qxb7
Rb8 21. Qxa7 Ra8 22. Qc5 Rxa2 23. e3 Qf6 24. Qd6 Be8 25. cxd5 cxd5 26. Ra1
Rxa1 27. Rxa1 Qxa1+ 28. Bf1 Qf6 29. b4 Nf7 30. Qb8 Kf8 31. b5 Qd8 32. Qa7
Nd6 33. Qa3 Qe7 34. b6 Nb7 35. Qa6 Bc6 36. h4 Kf7 37. Be2 Qc5 38. Qa8 Qxb6
39. Qh8 h6 40. Bh5+ Kf6 41. Qf8+ Ke5 42. Qf4# {Black checkmated} 1-0

[Event "ICC Open 2015"]
[Site "Internet Chess Club"]
[Date "2015.05.29"]
[Round "5"]
[White "LittleDonkey"]
[Black "LittlePeasant"]
[Result "0-1"]
[ICCResult "White resigns"]
[WhiteElo "2372"]
[BlackElo "2834"]
[Opening "Sicilian: Taimanov (Bastrikov) variation"]
[ECO "B47"]
[NIC "SI.40"]
[Time "14:47:26"]
[TimeControl "180+0"]

1. e4 c5 2. Nf3 e6 3. d4 cxd4 4. Nxd4 Nc6 5. Nc3 Qc7 6. g3 a6 7. Bg2 Nf6 8.
O-O h5 9. Nxc6 bxc6 10. Bg5 Rb8 11. b3 Be7 12. e5 Ng4 13. Bxe7 Kxe7 14. f4
Ne3 15. Qd4 Nxf1 16. Kxf1 a5 17. Qc5+ Ke8 18. Ne4 Ba6+ 19. c4 Qb6 20. Nd6+
Kf8 21. Qa3 Qb4 22. Qb2 Bxc4+ 23. Kg1 Bd5 24. Rf1 Qc5+ 25. Kh1 h4 26. g4 h3
27. Bf3 Rh4 28. f5 Rxg4 29. Qe2 Bxf3+ 30. Qxf3 Qd5 31. fxe6 dxe6 32. Nxf7
Qxf3+ 33. Rxf3 Kg8 34. Nd6 Rf8 35. Rxf8+ Kxf8 36. a4 Rb4 37. Nc4 Rxb3
{White resigns}
0-1

[Event "ICC Open 2015"]
[Site "Internet Chess Club"]
[Date "2015.05.29"]
[Round "5"]
[White "nurmi"]
[Black "Hareaum"]
[Result "1-0"]
[ICCResult "Black checkmated"]
[WhiteElo "2195"]
[BlackElo "1792"]
[Opening "English opening"]
[ECO "A10"]
[NIC "EO.64"]
[Time "14:47:45"]
[TimeControl "180+0"]

1. c4 d5 2. cxd5 Qxd5 3. Nc3 Qa5 4. g3 c6 5. Bg2 Nf6 6. Nf3 Bg4 7. O-O e6 8.
Qb3 Qb6 9. Qc2 Nbd7 10. d4 Bb4 11. Rd1 Bf5 12. e4 Bg6 13. Nh4 Bxc3 14. bxc3
O-O-O 15. Bf4 Nh5 16. Bd6 f6 17. Nxg6 hxg6 18. Qa4 f5 19. e5 Qa6 20. Qxa6
bxa6 21. Bxc6 Nb6 22. Rab1 Rxd6 23. exd6 Nf6 24. a4 Nfd5 25. Rdc1 Nc4 26.
Rb7 Nxd6 27. Rxa7 Nc7 28. c4 Kd8 29. d5 Nc8 30. Rb7 e5 31. d6 Nxd6 32. Rd1
Ne8 33. c5 Kc8 34. cxd6 Nf6 35. d7+ Nxd7 36. Rdxd7 f4 37. Ra7 Kb8 38. Ra8#
{Black checkmated}
1-0

[Event "ICC Open 2015"]
[Site "Internet Chess Club"]
[Date "2015.05.29"]
[Round "5"]
[White "Durarbeyli"]
[Black "TheGreatFair"]
[Result "1-0"]
[ICCResult "Black resigns"]
[WhiteElo "2825"]
[BlackElo "2095"]
[Opening "Sicilian: Najdorf, Byrne (English) attack"]
[ECO "B90"]
[NIC "SI.14"]
[Time "14:47:28"]
[TimeControl "180+0"]

1. e4 c5 2. Nf3 d6 3. d4 cxd4 4. Nxd4 Nf6 5. Nc3 a6 6. Be3 e5 7. Nb3 Be6 8.
h3 h5 9. f4 g6 10. f5 gxf5 11. exf5 Bxf5 12. Qf3 Be6 13. Qxb7 Nbd7 14. O-O-O
Be7 15. g4 hxg4 16. hxg4 Rxh1 17. Qxh1 Bxg4 18. Qh8+ Nf8 19. Re1 Qc8 20. Bd3
Bf5 21. Bg5 Bxd3 22. Bxf6 Bc4 23. Ne4 Qf5 24. Bxe7 Kxe7 25. Qh4+ f6 26. Nd4
exd4 27. Ng3+ Qe5 28. Rxe5+ dxe5 29. Ne4 Nd7 30. Qh7+ Bf7 31. c3 dxc3 32.
Nxc3 Rc8 33. Kd2 Rc5 34. Ne4 Rd5+ 35. Ke3 Rd4 36. Qg7 a5 37. b3 a4 38. Ng3
Re4+ 39. Nxe4 {Black resigns} 1-0

[Event "ICC Open 2015"]
[Site "Internet Chess Club"]
[Date "2015.05.29"]
[Round "5"]
[White "Pkopsa"]
[Black "RJoseph12"]
[Result "1-0"]
[ICCResult "Black checkmated"]
[WhiteElo "1593"]
[BlackElo "1241"]
[Opening "Scotch gambit"]
[ECO "C44"]
[NIC "SO.06"]
[Time "14:48:32"]
[TimeControl "180+0"]

1. e4 e5 2. Nf3 Nc6 3. d4 exd4 4. Bc4 Bc5 5. c3 dxc3 6. Nxc3 d6 7. O-O Nf6
8. Bg5 O-O 9. Nd5 Bg4 10. h3 Bh5 11. Nxf6+ gxf6 12. Bh6 Re8 13. Bd5 Ne5 14.
g4 Nxf3+ 15. Qxf3 Bg6 16. g5 fxg5 17. Qc3 Re5 18. Kh1 a5 19. f4 gxf4 20.
Rxf4 Bb4 21. Qg3 Qe7 22. h4 Kh8 23. h5 Bxh5 24. Qg7# {Black checkmated} 1-0

[Event "ICC Open 2015"]
[Site "Internet Chess Club"]
[Date "2015.05.29"]
[Round "5"]
[White "fviana"]
[Black "ikica"]
[Result "0-1"]
[ICCResult "White resigns"]
[WhiteElo "2353"]
[BlackElo "2841"]
[Opening "Sicilian defense"]
[ECO "B40"]
[NIC "SI.43"]
[Time "14:48:42"]
[TimeControl "180+0"]

1. e4 c5 2. Nf3 e6 3. b3 a6 4. Bb2 Nc6 5. d4 cxd4 6. Nxd4 Qf6 7. Qd2 Bc5 8.
c3 Nge7 9. Be2 O-O 10. O-O e5 11. Nc2 Ng6 12. c4 Nf4 13. Bf3 d6 14. Nc3 Be6
15. Nd5 Bxd5 16. cxd5 Ne7 17. Ne3 h5 18. g3 Nh3+ 19. Kg2 Ng5 20. Qe2 Nxf3
21. Qxf3 Qxf3+ 22. Kxf3 f5 23. Nxf5 g6 {White resigns} 0-1

[Event "ICC Open 2015"]
[Site "Internet Chess Club"]
[Date "2015.05.29"]
[Round "5"]
[White "magdykassem"]
[Black "garompon"]
[Result "1-0"]
[ICCResult "Black checkmated"]
[WhiteElo "1793"]
[BlackElo "2537"]
[Opening "Four knights: Scotch, 4...exd4"]
[ECO "C47"]
[NIC "SO.03"]
[Time "14:48:12"]
[TimeControl "180+0"]

1. e4 e5 2. Nf3 Nf6 3. Nc3 Nc6 4. d4 exd4 5. Nxd4 Bb4 6. Nxc6 bxc6 7. Bd3
O-O 8. O-O d5 9. exd5 cxd5 10. Bg5 c6 11. Na4 Bd6 12. c4 h6 13. Bh4 Rb8 14.
b3 Re8 15. cxd5 cxd5 16. Re1 Be6 17. Rc1 g5 18. Bg3 Bxg3 19. hxg3 Qd6 20.
Nc5 Kg7 21. Bb1 Bg4 22. Qd4 Kg8 23. Ne4 Nxe4 24. Bxe4 Be6 25. Bb1 Qb6 26.
Qf6 Bg4 27. Bh7+ Kf8 28. Qh8# {Black checkmated} 1-0

[Event "ICC Open 2015"]
[Site "Internet Chess Club"]
[Date "2015.05.29"]
[Round "5"]
[White "maly"]
[Black "IssaNissa"]
[Result "1-0"]
[ICCResult "Black checkmated"]
[WhiteElo "2653"]
[BlackElo "1849"]
[Opening "QGA: classical, 6...a6"]
[ECO "D27"]
[NIC "QG.07"]
[Time "14:47:43"]
[TimeControl "180+0"]

1. d4 d5 2. c4 dxc4 3. e3 e6 4. Bxc4 c5 5. Nf3 Nf6 6. O-O a6 7. Bb3 Nc6 8.
Qe2 cxd4 9. Rd1 Be7 10. Nxd4 Nxd4 11. exd4 O-O 12. Nc3 b5 13. d5 Qc7 14.
dxe6 Bxe6 15. Bxe6 fxe6 16. Qxe6+ Kh8 17. Bg5 Rad8 18. h3 h6 19. Bh4 Rd6 20.
Rxd6 Qxd6 21. Qxd6 Bxd6 22. Re1 g5 23. Bg3 Bxg3 24. fxg3 Nh5 25. Kh2 Rf2 26.
Re2 Rf1 27. Re6 Kg7 28. Rxa6 b4 29. Nd5 Rf2 30. b3 Rd2 31. Ra5 Kg6 32. g4
Nf4 33. Nxf4+ gxf4 34. Rf5 Rd4 35. h4 h5 36. Rg5+ Kf6 37. Rxh5 Rd2 38. Rf5+
Kg6 39. h5+ Kh6 40. Rxf4 Rxa2 41. Kg3 Ra3 42. Rxb4 Kg5 43. Rb5+ Kh6 44. Rb6+
Kg5 45. Rg6# {Black checkmated} 1-0

[Event "ICC Open 2015"]
[Site "Internet Chess Club"]
[Date "2015.05.29"]
[Round "5"]
[White "Estocolmov"]
[Black "Kiborg95"]
[Result "0-1"]
[ICCResult "White resigns"]
[WhiteElo "2241"]
[BlackElo "2701"]
[Opening "Old Indian defense"]
[ECO "A42"]
[NIC "OI.07"]
[Time "14:48:03"]
[TimeControl "180+0"]

1. d4 d6 2. c4 e5 3. dxe5 dxe5 4. Qxd8+ Kxd8 5. g3 Be6 6. b3 c6 7. Bh3 Bxh3
8. Nxh3 f6 9. Nc3 Nd7 10. Bb2 Kc7 11. O-O-O Nh6 12. f3 a5 13. Nf2 Nf7 14. h4
Bc5 15. Nfe4 Be3+ 16. Kc2 f5 17. Nd2 Nc5 18. g4 fxg4 19. fxg4 Nh6 20. g5 Nf5
21. Nce4 Nxe4 22. Nxe4 Bd4 23. Bxd4 exd4 24. Kd3 Rad8 25. Rdf1 Rhf8 26. h5
Rde8 27. c5 Rxe4 28. Kxe4 Ng3+ 29. Kxd4 Rxf1 30. Rh3 Nxe2+ 31. Ke3 Nc3 32.
a3 Nd5+ 33. Kd4 Rg1 34. g6 hxg6 35. h6 gxh6 36. Rxh6 Kb8 37. Kc4 g5 38. Rg6
Rg4+ 39. Kd3 Nf4+ {White resigns} 0-1

[Event "ICC Open 2015"]
[Site "Internet Chess Club"]
[Date "2015.05.29"]
[Round "5"]
[White "Irenaeus"]
[Black "hangingpawns"]
[Result "0-1"]
[ICCResult "White resigns"]
[WhiteElo "1748"]
[BlackElo "2103"]
[Opening "French: Two knights variation"]
[ECO "C00"]
[NIC "FR.01"]
[Time "14:47:33"]
[TimeControl "180+0"]

1. e4 e6 2. Nc3 d5 3. Nf3 dxe4 4. Nxe4 Nd7 5. d4 Ngf6 6. Ng3 c5 7. c3 Be7 8.
Bd3 O-O 9. O-O b6 10. Qe2 Bb7 11. Rd1 Qc7 12. Ne5 Bd6 13. Bf4 Nd5 14. Qh5
N7f6 15. Qh4 Nxf4 16. Qxf4 Rad8 17. Qg5 h6 18. Qf4 a6 19. Rac1 Nd7 20. Re1
Nxe5 21. dxe5 Bxe5 22. Rxe5 Rxd3 23. Nh5 Rfd8 24. Rce1 R3d5 25. Qg4 Qxe5
{White resigns}
0-1

[Event "ICC Open 2015"]
[Site "Internet Chess Club"]
[Date "2015.05.29"]
[Round "5"]
[White "Radja"]
[Black "Zigfrid"]
[Result "0-1"]
[ICCResult "White forfeits on time"]
[WhiteElo "2419"]
[BlackElo "3151"]
[Opening "Sicilian: Taimanov variation"]
[ECO "B48"]
[NIC "SI.40"]
[Time "14:47:34"]
[TimeControl "180+0"]

1. e4 c5 2. Nf3 e6 3. d4 cxd4 4. Nxd4 Nc6 5. Nc3 Qc7 6. Be3 a6 7. Qd2 Nf6 8.
O-O-O Be7 9. f3 b5 10. Bf4 Ne5 11. Ndxb5 axb5 12. Nxb5 Qb8 13. Qc3 Nd3+ 14.
Kb1 Nxf4 15. Nc7+ Kf8 16. Nxa8 Qxa8 17. g3 Ng6 18. h4 h5 19. Bb5 d6 20. a4
Ne5 21. Rhf1 Bb7 22. Qd4 Nc6 23. Qb6 Nd7 24. Qc7 Qb8 25. Qxd7 Ne5 26. Qe8+
Qxe8 27. Bxe8 Kxe8 28. b3 Kd7 29. Kb2 g6 30. a5 Ra8 31. b4 f5 32. exf5 gxf5
33. Kc3 Bxf3 34. Ra1 d5 35. Kd4 Bf6 36. Ke3 Be4 37. c3 Nc4+ 38. Kf2 Bxc3 39.
Ra4 Bc2 {White forfeits on time} 0-1

[Event "ICC Open 2015"]
[Site "Internet Chess Club"]
[Date "2015.05.29"]
[Round "5"]
[White "Sherlocked"]
[Black "Govindan"]
[Result "1-0"]
[ICCResult "Black checkmated"]
[WhiteElo "1960"]
[BlackElo "1562"]
[Opening "Old Indian defense"]
[ECO "E70"]
[NIC "KI.31"]
[Time "14:47:18"]
[TimeControl "180+0"]

1. d4 Nf6 2. c4 d6 3. Nc3 g6 4. e4 Bg7 5. Bd3 O-O 6. Nge2 c5 7. d5 Nbd7 8.
O-O Ne5 9. h3 Nxd3 10. Qxd3 Bd7 11. f4 e6 12. Bd2 exd5 13. exd5 Bf5 14. Qf3
Re8 15. Rae1 Ne4 16. Nxe4 Bxe4 17. Qb3 Qd7 18. Bc3 Bh6 19. Bf6 b6 20. Qg3
Qf5 21. Bc3 Bd3 22. Rf2 Re4 23. Qxd3 Rae8 24. g4 Qd7 25. Kf1 f5 26. g5 Bf8
27. Ng3 Rxe1+ 28. Bxe1 Qe7 29. Re2 Qd7 30. Bc3 a6 31. Re3 b5 32. b3 bxc4 33.
bxc4 Qa4 34. Rxe8 Qxe8 35. Qe2 Qa4 36. Qe6# {Black checkmated} 1-0

[Event "ICC Open 2015"]
[Site "Internet Chess Club"]
[Date "2015.05.29"]
[Round "5"]
[White "smoothg"]
[Black "podkarpacki"]
[Result "1-0"]
[ICCResult "Black forfeits on time"]
[WhiteElo "1800"]
[BlackElo "1409"]
[Opening "French: King's Indian attack"]
[ECO "C00"]
[NIC "FR.02"]
[Time "14:47:43"]
[TimeControl "180+0"]

1. e4 e6 2. d3 d5 3. Nd2 Nf6 4. c3 c5 5. Qc2 Nc6 6. a4 d4 7. Ngf3 dxc3 8.
bxc3 Be7 9. Be2 O-O 10. O-O b6 11. Rd1 Bb7 12. Bb2 Rc8 13. Nc4 Qc7 14. h3
Rfd8 15. Qc1 a6 16. Qe3 b5 17. axb5 axb5 18. Ncd2 Bd6 19. g3 Ne5 20. Nxe5
Bxe5 21. d4 cxd4 22. cxd4 Bd6 23. Rac1 Qb8 24. f4 Nd7 25. Bf3 f6 26. Qb3 Kf7
27. f5 Nf8 28. Nf1 g6 29. g4 gxf5 30. exf5 Bd5 31. Bxd5 exd5 32. Qxd5+ Kg7
33. Qg2 Rxc1 34. Rxc1 Bf4 35. Rd1 {Black forfeits on time} 1-0

[Event "ICC Open 2015"]
[Site "Internet Chess Club"]
[Date "2015.05.29"]
[Round "5"]
[White "Pancake"]
[Black "Rembrand"]
[Result "0-1"]
[ICCResult "White resigns"]
[WhiteElo "1735"]
[BlackElo "2114"]
[Opening "QGD: Semi-Tarrasch, San Sebastian variation"]
[ECO "D35"]
[NIC "TD.08"]
[Time "14:47:53"]
[TimeControl "180+0"]

1. d4 Nf6 2. c4 e6 3. Nc3 d5 4. cxd5 Nxd5 5. e4 Nxc3 6. bxc3 c5 7. Nf3 cxd4
8. cxd4 Bb4+ 9. Bd2 Qa5 10. Bd3 O-O 11. a3 Bxd2+ 12. Qxd2 Qxd2+ 13. Kxd2 Rd8
14. Rab1 Nc6 15. Ke3 b6 16. Rhc1 Bb7 17. Rc3 f6 18. Rbc1 Rac8 19. h4 Na5 20.
Rxc8 Rxc8 21. Rxc8+ Bxc8 22. d5 Kf7 23. Nd2 Ke7 24. Kd4 Kd6 25. dxe6 Bxe6
26. Nc4+ Bxc4 27. Bxc4 Nc6+ 28. Kc3 Ke5 29. f3 Kf4 30. Bd5 Ne5 31. Kb4 Kg3
32. Kb5 Kxg2 33. f4 Nd7 34. Ka6 Kg3 35. Kxa7 Kxf4 36. Bc6 Ne5 37. Bd5 Nd7
38. Kb7 Ke5 39. Kc7 Nc5 40. Kxb6 Na4+ 41. Ka5 Nb2 42. Kb4 g5 43. Kc3 Na4+
44. Kb4 gxh4 45. Kxa4 h3 46. Bc4 h2 {White resigns} 0-1